 Dungeon Crawl Stone Soup version 0.25.1-9-gc5326a611f (webtiles) character file.

Game seed: 5739643966540057063

3987 funkygono the Ruffian (level 10, -10/136 HPs)
             Began as a Troll Hunter on Dec 28, 2020.
             Was a Believer of Okawaru.
             Mangled by Gastronok (34 damage)
             ... on level 8 of the Dungeon.
             The game lasted 00:21:49 (7249 turns).

funkygono the Ruffian (Troll Hunter)                Turns: 7249, Time: 00:21:50

Health: -10/136    AC:  9    Str: 25    XL:     10   Next: 3%
Magic:  8/8        EV: 12    Int:  7    God:    Okawaru [**....]
Gold:   336        SH: 22    Dex: 10    Spells: 9/9 levels left

rFire    . . .     SeeInvis .     - Unarmed
rCold    . . .     Gourm    +   x - +2 tower shield
rNeg     + . .     Faith    .   y - +2 robe {rN+}
rPois    .         Spirit   .   (helmet restricted)
rElec    .         Reflect  +   g - +0 cloak
rCorr    .         Harm     .   (gloves unavailable)
MR       .....                  (boots unavailable)
Stlth    ..........             p - amulet of reflection
HPRegen  0.72/turn              m - ring of stealth
MPRegen  0.11/turn              o - +4 ring of evasion

@: berserking, slowed
A: large, unfitting armour, claws 3, fast metabolism 3, gourmand, low mp 1,
regeneration 1, shaggy fur 1, tough skin 3
a: Heroism, Renounce Religion


You were on level 8 of the Dungeon.
You worshipped Okawaru.
Okawaru was pleased with you.
You were very full.

You visited 2 branches of the dungeon, and saw 9 of its levels.
You also visited: Ossuary.

You collected 336 gold pieces.

Inventory:

Hand Weapons
 a - a +1 short sword
 e - the +6 flail "Giantslayer" {drain, rPois Stlth+}
   (You found it on level 4 of the Dungeon)

   A truly terrible weapon, it drains the life of those it strikes.
   It protects you from poison.
   It makes you more stealthy.
 J - a +0 whip of flaming
Missiles
 c - 7 large rocks
 d - 2 throwing nets
 k - 53 stones (quivered)
Armour
 g - a +0 cloak (worn)
 x - a +2 tower shield (worn)
 y - a +2 robe of positive energy (worn)
Jewellery
 m - a ring of stealth (left claw)
 o - a +4 ring of evasion (right claw)
 p - an amulet of reflection (around neck)
 r - an uncursed ring of stealth
 B - an uncursed ring of protection from cold
 K - an uncursed ring of protection from fire {unknown}
Wands
 u - a wand of digging (3)
 w - a wand of flame (37)
 C - a wand of random effects (15)
 L - a wand of acid (7)
Scrolls
 b - 2 scrolls of identify
 n - 5 scrolls of remove curse
 t - 2 scrolls of teleportation
 A - a scroll of fear
 D - 5 scrolls of random uselessness {unknown}
 G - a scroll of fog {unknown}
 I - a scroll of enchant armour
Potions
 h - 4 potions of flight {unknown}
 i - 4 potions of curing
 j - 2 potions of invisibility
 l - 3 potions of resistance
 q - 2 potions of might
 s - 3 potions of lignification
 z - 2 potions of brilliance
 E - 8 potions of degeneration {unknown}
 F - a potion of mutation {unknown}
 H - 2 potions of ambrosia {unknown}
Comestibles
 f - 13 rations


   Skills:
 + Level 3.0 Fighting
 + Level 4.5 Maces & Flails
 + Level 7.0 Throwing
 + Level 4.6 Dodging
 - Level 1.0 Stealth
 + Level 4.7 Shields
 + Level 7.8 Unarmed Combat


You had 9 spell levels left.
You didn't know any spells.
Your spell library contained the following spells:

 Spells                   Type           Power        Failure   Level  Hunger
 Freeze                   Ice            #...         99%         1    ##.....
 Frozen Ramparts          Ice            #.....       100%        3    ####...
 Ozocubu's Armour         Chrm/Ice       #.......     100%        3    ####...
 Hailstorm                Conj/Ice       #.......     100%        4    #####..
 Summon Ice Beast         Ice/Summ       #.......     100%        4    #####..


Dungeon Overview and Level Annotations

Branches:
Dungeon (8/15)             Temple (1/1) D:4         Ossuary (visited)
   Lair: D:8-11

Altars:
Ashenzari
Cheibriados
Dithmenos
Elyvilon
Fedhas
Gozag
Hepliaklqana
Kikubaaqudgha
Makhleb
Nemelex Xobeh
Okawaru
Qazlal
Ru
Sif Muna
Trog
Uskayaw
Vehumet
Wu Jian
Xom
Yredelemnul
Zin
The Shining One

Annotations:
D:8 Gastronok


Innate Abilities, Weirdness & Mutations

You are too large for most types of armour.
You have claws for hands.
Your metabolism is lightning-fast.
You like to eat raw meat.
Your magical capacity is low. (-10% MP)
Your natural rate of healing is unusually fast.
You are covered in fur. (AC +1)
You have extremely tough skin. (AC +3)


Message History

You mangle Gastronok!!
Gastronok is almost dead.
Gastronok waves his eye-stalks in wide circles.
The air twists around and strikes you!
You completely miss Gastronok.
Gastronok is almost dead.
Gastronok bites you!!
* * * LOW HITPOINT WARNING * * *
You scratch Gastronok but do no damage.
Gastronok is almost dead.
You block Gastronok's attack.
You claw Gastronok!
Gastronok is almost dead.
You claw Gastronok!
Gastronok is almost dead.
Gastronok bites you.
* * * LOW HITPOINT WARNING * * *
A red film seems to cover your vision as you go berserk!
You feel yourself moving faster!
You feel mighty! Gastronok bites you!!
You die...

### #.# #.#
#.# #.# #.#
#.#####
#.....#
#####.# #@#
#....(w...#
....(...#.#
....#####.#
### #


You could see Gastronok.

Vanquished Creatures
  Pikel (D:8)
  Eustachio (D:6)
  Menkaure (D:6)
  2 black bears
  An ice beast (D:7)
  A slave (D:8)
  2 sky beasts
  A phantom (D:5)
  2 ogres
  3 centaurs
  5 bullfrogs
  5 wights (D:7)
  2 howler monkeys (D:7)
  6 crimson imps
  5 centaur zombies (Ossuary)
  5 hounds
  2 jellies
  2 quasits
  2 orc priests
  6 orc wizards
  A gnoll shaman (D:6)
  3 iguanas (D:6)
  Terence (D:3)
  9 worker ants
  A hound skeleton (D:6)
  5 mummies (Ossuary)
  2 worker ant zombies
  11 adders
  9 gnolls
  2 howler monkey skeletons
  2 shadow imps
  An ooze (D:3)
  A worm (D:4)
  7 dart slugs
  4 leopard geckos
  22 orcs
  2 ball pythons
  7 bats
  8 giant cockroaches
  11 goblins
  9 hobgoblins
  17 jackals
  8 kobolds
  3 quokkas
  A ball python skeleton (D:4)
  3 frilled lizards
  A gnoll zombie (Ossuary)
  A goblin zombie (Ossuary)
  A kobold zombie (Ossuary)
  2 leopard gecko skeletons
  A quokka skeleton (D:4)
  A quokka zombie (D:5)
  13 rats
225 creatures vanquished.

Notes
Turn   | Place    | Note
-------+----------+-------------------------------------------
     0 | D:1      | funkygono the Troll Hunter began the quest for the Orb.
     0 | D:1      | Reached XP level 1. HP: 19/19 MP: 0/0
    76 | D:1      | Reached XP level 2. HP: 27/27 MP: 1/1
   303 | D:1      | Reached XP level 3. HP: 33/33 MP: 2/2
   458 | D:1      | Reached skill level 1 in Unarmed Combat
  1122 | D:2      | Reached XP level 4. HP: 42/42 MP: 3/3
  1287 | D:2      | Found an ancient bone altar of Kikubaaqudgha.
  1790 | D:3      | Noticed Terence
  1805 | D:3      | Killed Terence
  1809 | D:3      | Reached XP level 5. HP: 47/49 MP: 4/4
  2488 | D:4      | Got a faintly glowing flail
  2546 | D:4      | Found a sacrificial altar of Ru.
  2595 | D:4      | Became a worshipper of Ru the Awakened
  2606 | D:4      | Reached XP level 6. HP: 57/57 MP: 5/5
  2614 | D:4      | Found a staircase to the Ecumenical Temple.
  2780 | D:4      | You fall into a shaft and drop 1 floor!
  2780 | D:5      | Entered Level 5 of the Dungeon
  2796 | D:5      | Reached skill level 5 in Throwing
  2796 | D:5      | Reached skill level 1 in Stealth
  3150 | D:4      | Reached skill level 5 in Unarmed Combat
  3150 | D:4      | Reached XP level 7. HP: 61/63 MP: 6/6
  3222 | D:4      | Identified the +6 flail "Giantslayer" {drain, rPois Stlth+}
                  | (You found it on level 4 of the Dungeon)
  3251 | Temple   | Entered the Ecumenical Temple
  3819 | D:5      | Reached skill level 1 in Maces & Flails
  3941 | D:5      | Reached XP level 8. HP: 72/72 MP: 7/7
  3992 | D:5      | Gained mutation: Your magical capacity is low. (-10% MP)
                  | [Ru sacrifice]
  4299 | D:6      | Found a shattered altar of Ashenzari.
  4395 | D:6      | Reached skill level 1 in Shields
  4500 | D:6      | Found a radiant altar of Vehumet.
  4539 | D:6      | Noticed Eustachio
  4603 | D:6      | Killed Eustachio
  4725 | D:6      | Found a shadowy altar of Dithmenos.
  4832 | D:6      | Noticed Menkaure
  4839 | D:6      | Killed Menkaure
  5254 | D:6      | Reached XP level 9. HP: 80/80 MP: 7/7
  5263 | D:6      | Found an ornate altar of the Wu Jian Council.
  5272 | D:6      | Found a hazy altar of Hepliaklqana.
  5278 | D:6      | Found a white marble altar of Elyvilon.
  5397 | Temple   | Fell from the grace of Ru
  5397 | Temple   | Became a worshipper of Warmaster Okawaru
  5963 | D:7      | Reached * piety under Okawaru
  6629 | D:8      | Found a bloodstained altar of Trog.
  6650 | D:8      | Found a hide-covered altar of Uskayaw.
  6723 | D:8      | Found a sand-covered staircase.
  6728 | Ossuary  | Entered an ossuary
  7005 | D:8      | Noticed Pikel
  7028 | D:8      | Killed Pikel
  7028 | D:8      | Reached ** piety under Okawaru
  7028 | D:8      | Reached XP level 10. HP: 90/91 MP: 8/8
  7053 | D:8      | Found a shimmering altar of Xom.
  7225 | D:8      | Noticed Gastronok
  7249 | D:8      | Mangled by Gastronok

Illustrated notes

Levels and vault maps discovered:
D:1:      psy_arrival_terrarium, layout_loops_corners
D:2:      layout_rooms, nicolae_overflow_hidden_temple
D:3:      layout_loops_ring, uniq_terence
D:4:      layout_rooms, minmay_temple_entry_metal_lava,
          nicolae_ru_great_annihilating_truth
D:5:      kb_forest_paths, layout_rooms, first_ration,
          minmay_misc_feat_nine_boxes
D:6:      layout_basic, evilmike_ruin_ashenzari, lemuel_round_altar,
          vehumet_crystals, minmay_overflow_temple_star_quad, uniq_eustachio,
          uniq_menkaure
D:7:      layout_cave_pools, minmay_puff
D:8:      layout_basic, eat_drink_and_be_merry_uskayaw, xom_redecorated,
          overflow_temple_1_default, enter_ossuary_5, uniq_gastronok, uniq_pikel
Temple:   minmay_temple_bridge_abc

Skill      XL: |  1  2  3  4  5  6  7  8  9 |
---------------+----------------------------+-----
Throwing       | 4 5 6 7 |  7.0
Unarmed Combat | 1 2 3 5 7 |  7.8
Dodging        | 2 3 4 |  4.6
Stealth        | 1 |  1.0
Fighting       | 2 3 |  3.0
Maces & Flails | 1 4 |  4.5
Shields        | 2 4 |  4.7

Action                   |  1- 3 |  4- 6 |  7- 9 | 10-12 || total
-------------------------+-------+-------+-------+-------++-------
Melee: Unarmed           |   137 |   196 |   237 |     9 ||   579
       Flail             |       |       |   201 |       ||   201
       Punch             |       |       |     3 |       ||     3
Throw: Large rock        |    14 |     3 |       |       ||    17
       Stone             |       |    96 |   246 |    18 ||   360
Invok: Sacrifice Essence |       |       |     1 |       ||     1
  Use: Scroll            |     4 |     5 |     7 |       ||    16
       Potion            |       |       |       |     1 ||     1
 Stab: Sleeping          |       |     1 |     4 |       ||     5
       Paralysed         |       |     1 |       |       ||     1
  Eat: Chunk             |    16 |    19 |    36 |       ||    71
Armor: Robe              |    61 |    53 |    79 |       ||   193
Dodge: Dodged            |    59 |   114 |   116 |       ||   289
Block: Other             |       |    19 |    19 |       ||    38
       Tower shield      |       |       |   383 |     1 ||   384
       Reflection        |       |       |     4 |       ||     4
